AoeStats
← Not noob.Just tired.

Arena

507046894Analyzed
2v2 RM · 17d ago on Sep 16, 2026· 37m 5s· 4 players
Game mode
Random Map
Map size
Medium (4 player)
Population
200
Speed
Normal
Resources
Standard
Victory
Conquest
Starting age
Dark Age
Ending age
Imperial Age
RankedLock teamsTeams togetherTeam positionsShared explorationLock speedFull tech treeHidden civsTurbo modeCheats
Victory
Defeat
🇹🇷 Japanese · Türkiye
1503
+13
🇹🇷 Cumans · Türkiye
1503
+13
🇨🇳 Khitans · China
1479
-14
🇨🇳 Aztecs · China
1402
-12
Not noob.Just tired.
10:39 Feudal Age
14:36 Castle Age
14:07 Man-at-Arms
14:48 Scale Mail Armor
14:37 Horse Collar
14:53 Long Swordsman
16:27 Double-Bit Axe
22:18 Forging
24:00 Chain Mail Armor
23:48 Squires
24:39 Wheelbarrow
26:28 Heavy Plow
26:43 Gold Mining
29:23 Stone Mining
30:48 Iron Casting
31:09 Hand Cart
31:09 Bow Saw
33:24 Stone Shaft Mining
35:03 Redemption
34:21 Crossbowman
34:53 Fletching
39:25 Imperial Age
37:13 Bodkin Arrow
莽村车神李有田
9:56 Feudal Age
10:50 Double-Bit Axe
11:06 Loom
11:34 Man-at-Arms
13:13 Forging
OUTPOST ENJOYER
7:19 Loom
10:05 Feudal Age
11:21 Man-at-Arms
13:09 Scale Mail Armor
12:59 Double-Bit Axe
19:48 Forging
21:16 Wheelbarrow
21:56 Horse Collar
23:44 Town Watch
27:56 Castle Age
26:26 Gold Mining
26:38 Arson
28:06 Long Swordsman
29:02 Squires
30:03 Chain Mail Armor
31:07 Iron Casting
35:24 Bow Saw
36:53 Stone Mining
obezitekaan
5:48 Loom
8:23 Feudal Age
16:21 Double-Bit Axe
23:28 Fletching
29:36 Castle Age
28:36 Wheelbarrow
28:21 Horse Collar
31:09 Bow Saw
31:35 Capped Ram
34:10 Gold Mining
34:14 Stone Mining
35:37 Heavy Plow
Connection lost

Rejoining the realm…

Still unreachable

The connection could not be restored.

Session expired

The server has moved on; the page needs a fresh start.